[Event "Titled Tuesday Blitz February 21 Late 2023"]
[White "Chernomordik, Pavel"]
[Black "Ardila, Oscar Humberto"]
[WhiteFideId "2804530"]
[BlackFideId "4404742"]
[WhiteElo "2150"]
[BlackElo "1982"]
[Result "0-1"]
[Round "06"]
[TimeControl "180+2"]
[Date "2023.02.21"]
[WhiteClock "0:00:01"]
[BlackClock "0:00:05"]

1. e4 e5 2. Nf3 Nf6 3. Nc3 Nc6 4. d4 exd4 5. Nxd4 Bb4 6. Nxc6 bxc6 7. Bd3 d5 8. exd5 cxd5 9. Qe2+ Be6 10. Bb5+ Kf8 11. O-O Qd6 12. Rd1 c6 13. Bd3 Ba5 14. h3 Bc7 15. f4 Re8 16. Qf3 Bd7 17. Bd2 Bb6+ 18. Kh1 h5 19. Re1 Rxe1+ 20. Rxe1 Bg4 21. Qg3 h4 22. Qh2 Bf2 23. hxg4 Bxe1 24. Bxe1 Nxg4 25. Qh3 Qxf4 26. Ne2 Qf1+ 27. Ng1 Qxe1 28. Qxg4 g6 29. Qd4 Kg8 30. Kh2 Qg3+ 31. Kh1 Qe1 32. Qg4 Kg7 33. Kh2 Qe5+ 34. Kh3 f5 35. Qg5 Rh5 36. Nf3 Qd6 37. Qxh5 gxh5 38. Bxf5 Kh6 39. Nxh4 Qf4 40. Bd3 Kg5 41. Nf3+ Kf6 42. b3 Qe3 43. Kh2 c5 44. Kg3 h4+ 45. Kxh4 c4 46. bxc4 dxc4 47. Bxc4 Qf4+ 0-1


[Site "https://www.chess.com"]

[Event "Titled Tuesday Blitz February 21 Late 2023"]
[White "Delorme, Axel"]
[Black "Leonte, Sebastian-Marian"]
[WhiteFideId "632023"]
[BlackFideId "1268767"]
[WhiteElo "2483"]
[BlackElo "1279"]
[Result "1-0"]
[Round "06"]
[TimeControl "180+2"]
[Date "2023.02.21"]
[WhiteClock "0:00:09"]
[BlackClock "0:00:01"]

1. e4 e5 2. Nf3 Nc6 3. Bb5 a6 4. Ba4 Nf6 5. O-O b5 6. Bb3 Bb7 7. Re1 Bc5 8. c3 O-O 9. d4 Bb6 10. h3 d6 11. Be3 Re8 12. d5 Na5 13. Bxb6 cxb6 14. Bc2 Bc8 15. Nbd2 Nh5 16. Qe2 Nf4 17. Qf1 Qf6 18. a4 Bd7 19. axb5 Bxb5 20. c4 Bd7 21. b4 Nb7 22. Ba4 Bxa4 23. Rxa4 a5 24. g3 Ng6 25. Rb1 h5 26. h4 Rec8 27. bxa5 Nc5 28. Ra3 bxa5 29. Ng5 a4 30. Rf3 Qe7 31. Rxf7 Qxf7 32. Nxf7 Kxf7 33. Qe2 a3 34. Qxh5 a2 35. Ra1 Rcb8 36. Qf5+ Kg8 37. Qxg6 Rb2 38. Qxd6 Rxd2 39. Qxc5 Rb2 40. Qc6 Rab8 41. Kg2 Rc2 42. Qe6+ Kh8 43. Qxe5 Rbb2 44. Qe8+ Kh7 45. Qh5+ Kg8 46. Qf3 Rb1 47. Rxa2 Rxa2 48. d6 Rd2 49. e5 Re1 50. Qa8+ Kf7 51. Qb7+ Kg6 52. Qe7 Rde2 53. d7 Rxe5 54. Qd6+ Re6 55. d8=Q 1-0


[Site "https://www.chess.com"]

[Event "Titled Tuesday Blitz February 21 Late 2023"]
[White "Figorito, Nick"]
[Black "Sailer, Mike"]
[WhiteFideId "30923689"]
[BlackFideId "2012901"]
[WhiteElo "2036"]
[BlackElo "2109"]
[Result "1-0"]
[Round "06"]
[TimeControl "180+2"]
[Date "2023.02.21"]
[WhiteClock "0:01:19"]
[BlackClock "0:00:09"]

1. Nf3 d5 2. g3 g6 3. Bg2 Bg7 4. O-O Nf6 5. c4 c6 6. cxd5 cxd5 7. d4 O-O 8. Ne5 Nc6 9. Nxc6 bxc6 10. Nc3 Bf5 11. Bf4 Ne4 12. Nxe4 Bxe4 13. Bxe4 dxe4 14. e3 h6 15. g4 Qd7 16. h3 Rae8 17. Qc2 f5 18. Rac1 Rc8 19. g5 hxg5 20. Bxg5 e5 21. dxe5 Bxe5 22. Rfd1 Qh7 23. h4 Qh5 24. Qc4+ Kh8 25. Qf1 Bxb2 26. Rb1 Be5 27. Rb7 Rc7 28. Rxc7 Bxc7 29. Rd7 Be5 30. Qd1 Qxd1+ 31. Rxd1 Rb8 32. Rd7 a5 33. Re7 Bc3 34. Re6 Kg7 35. Rxc6 Rb1+ 36. Kg2 Be1 37. a4 Rb2 38. Bf6+ Kf7 39. Bxb2 1-0


[Site "https://www.chess.com"]

[Event "Titled Tuesday Blitz February 21 Late 2023"]
[White "Jovic, Stanoje"]
[Black "Adel, Sara"]
[WhiteFideId "905020"]
[BlackFideId "10616764"]
[WhiteElo "2075"]
[BlackElo "1739"]
[Result "1-0"]
[Round "06"]
[TimeControl "180+2"]
[Date "2023.02.21"]
[WhiteClock "0:01:31"]
[BlackClock "0:00:38"]

1. c4 Nf6 2. g3 g6 3. Bg2 Bg7 4. Nc3 O-O 5. Nf3 Nc6 6. O-O e5 7. d3 d6 8. Rb1 Nh5 9. e4 Nd4 10. Nxd4 exd4 11. Ne2 a5 12. a3 c5 13. b4 axb4 14. axb4 f5 15. exf5 Bxf5 16. Bxb7 Ra2 17. Nf4 Nxf4 18. Bxf4 Bh3 19. Bg2 Bxg2 20. Kxg2 Rxf4 21. gxf4 Bh6 22. Qg4 Qf6 23. bxc5 Bxf4 24. Rb7 dxc5 25. Qc8+ Qf8 26. Qe6+ Kh8 27. Rf7 Qd8 28. Rxf4 Qa8+ 29. Qd5 1-0


[Site "https://www.chess.com"]

[Event "Titled Tuesday Blitz February 21 Late 2023"]
[White "Winkels, Marcel"]
[Black "Leve, Nitai"]
[WhiteFideId "1003887"]
[BlackFideId "2006898"]
[WhiteElo "1960"]
[BlackElo "2128"]
[Result "1-0"]
[Round "06"]
[TimeControl "180+2"]
[Date "2023.02.21"]
[WhiteClock "0:00:03"]
[BlackClock "0:00:03"]

1. e4 e6 2. d4 d5 3. Nc3 Nf6 4. Bg5 Be7 5. e5 Nfd7 6. h4 a6 7. Qg4 Bxg5 8. hxg5 c5 9. g6 f5 10. Qg3 cxd4 11. Rxh7 Rg8 12. Nce2 Nc6 13. O-O-O Ndxe5 14. Nxd4 Qf6 15. f4 Nxg6 16. Nxc6 bxc6 17. Be2 Nf8 18. Rh3 Rb8 19. c3 Nd7 20. Nf3 Nc5 21. Ne5 Ne4 22. Qe3 c5 23. Bh5+ g6 24. Bf3 g5 25. Bxe4 fxe4 26. g3 gxf4 27. gxf4 Rb5 28. Rh7 Rg2 29. Rd2 Rxd2 30. Qxd2 Kd8 31. Rf7 Qh4 32. Nc6+ Ke8 33. Re7+ Kf8 34. Kc2 Bb7 35. Qg2 Qf6 36. Rxb7 Rxb7 37. Ne5 1-0


[Site "https://www.chess.com"]

[Event "Titled Tuesday Blitz February 21 Late 2023"]
[White "Meunier-Pion, Jean"]
[Black "Torres Dominguez, David"]
[WhiteFideId "20685327"]
[BlackFideId "2220857"]
[WhiteElo "2215"]
[BlackElo "1994"]
[Result "1-0"]
[Round "06"]
[TimeControl "180+2"]
[Date "2023.02.21"]
[WhiteClock "0:01:49"]
[BlackClock "0:01:15"]

1. e4 e5 2. Nf3 Nc6 3. Bb5 Nge7 4. O-O g6 5. c3 Bg7 6. Re1 O-O 7. d4 d5 8. exd5 Qxd5 9. c4 Qd8 10. d5 Nb8 11. Nxe5 c6 12. d6 Nf5 13. Ba4 Qxd6 14. Qxd6 Nxd6 15. c5 Nf5 16. Nd3 Na6 17. Nc3 Bd7 18. Bf4 Rfe8 19. Bb3 Rxe1+ 20. Rxe1 Re8 21. Kf1 Rxe1+ 22. Kxe1 Nd4 23. Bc4 Ne6 24. Bxa6 Nxf4 25. Nxf4 bxa6 26. Kd2 Bd4 27. Nd3 Bf5 28. Ne2 Be5 29. Nxe5 Be4 30. f3 Bd5 31. Nc3 1-0


[Site "https://www.chess.com"]

[Event "Titled Tuesday Blitz February 21 Late 2023"]
[White "Sarkar, Justin"]
[Black "Pinheiro, Iung Alicio de O."]
[WhiteFideId "2010011"]
[BlackFideId "2104350"]
[WhiteElo "2309"]
[BlackElo "2306"]
[Result "0-1"]
[Round "06"]
[TimeControl "180+2"]
[Date "2023.02.21"]
[WhiteClock "0:00:03"]
[BlackClock "0:00:03"]

1. d4 Nf6 2. c4 e6 3. Nc3 Bb4 4. e3 O-O 5. Bd3 d5 6. Nf3 c5 7. O-O Bxc3 8. bxc3 dxc4 9. Bxc4 Qc7 10. Be2 Nc6 11. a3 Rd8 12. Bb2 e5 13. Qc2 e4 14. Nd2 Bf5 15. Nb3 b6 16. c4 Bg4 17. d5 Ne5 18. f4 exf3 19. gxf3 Bh3 20. Rf2 Re8 21. Kh1 Ng6 22. Bxf6 gxf6 23. Qc3 Qe5 24. Qxe5 Rxe5 25. e4 Nf4 26. Bf1 Bd7 27. Rd1 Ba4 28. Rb1 Kh8 29. Nc1 Rg8 30. Nd3 Reg5 31. Be2 Nh3 32. Rff1 Rg2 0-1


[Site "https://www.chess.com"]

[Event "Titled Tuesday Blitz February 21 Late 2023"]
[White "rikchessmx"]
[Black "Sonnenschein, Philipp"]
[BlackFideId "16250877"]
[WhiteElo "2290"]
[BlackElo "2224"]
[Result "0-1"]
[Round "06"]
[TimeControl "180+2"]
[Date "2023.02.21"]
[WhiteClock "0:02:19"]
[BlackClock "0:02:32"]

1. e4 c5 2. Nf3 Nc6 3. Bb5 e6 4. O-O Nge7 5. Re1 Nd4 6. Nxd4 cxd4 7. c3 a6 8. Bf1 Nc6 9. d3 Bc5 10. b4 Ba7 11. a3 dxc3 12. Nxc3 Qf6 13. Nd5 Qxf2+ 14. Kh1 Qg1# 0-1


[Site "https://www.chess.com"]

[Event "Titled Tuesday Blitz February 21 Late 2023"]
[White "Petrovic, Aleksa"]
[Black "Wang, Alexander J"]
[WhiteFideId "967629"]
[BlackFideId "30955270"]
[WhiteElo "2332"]
[BlackElo "1815"]
[Result "1-0"]
[Round "06"]
[TimeControl "180+2"]
[Date "2023.02.21"]
[WhiteClock "0:00:44"]
[BlackClock "0:00:32"]

1. d4 d5 2. c4 e6 3. Nf3 c5 4. cxd5 exd5 5. g3 Nf6 6. Bg2 Nc6 7. O-O Be7 8. Nc3 O-O 9. Bg5 Be6 10. dxc5 Bxc5 11. Bxf6 Qxf6 12. Nxd5 Qxb2 13. Nc7 Rad8 14. Qc1 Qxc1 15. Rfxc1 Ba3 16. Nxe6 fxe6 17. Rc4 Rd7 18. Bh3 Re7 19. Rb1 e5 20. Re4 Bd6 21. Kg2 h6 22. e3 g5 23. Bg4 Bb8 24. h4 Rg7 25. hxg5 hxg5 26. Rh1 Rf6 27. Rh5 Rfg6 28. Bf5 Rf6 29. g4 Ne7 30. Bd7 Nd5 31. Ba4 Nc3 32. Bb3+ Kf8 33. Rc4 e4 34. Nd4 Nd1 35. Rh8+ Ke7 36. Nf5+ Rxf5 37. gxf5 Be5 38. Rxe4 Kf6 39. Bxd1 1-0


[Site "https://www.chess.com"]

[Event "Titled Tuesday Blitz February 21 Late 2023"]
[White "Stanisz, Patryk"]
[Black "Arencibia Monduy, Antonio"]
[WhiteFideId "1123106"]
[BlackFideId "3507939"]
[WhiteElo "2161"]
[BlackElo "2122"]
[Result "0-1"]
[Round "06"]
[TimeControl "180+2"]
[Date "2023.02.21"]
[WhiteClock "0:00:01"]
[BlackClock "0:00:15"]

1. d4 Nf6 2. c4 e6 3. Nc3 d5 4. Nf3 Be7 5. Bf4 O-O 6. e3 Ne4 7. Nxe4 dxe4 8. Nd2 f5 9. Be2 g5 10. Be5 Nd7 11. f4 Nxe5 12. dxe5 gxf4 13. exf4 Bc5 14. Qb3 a5 15. O-O-O a4 16. Qh3 Qe7 17. g4 Bd7 18. gxf5 exf5 19. Nxe4 Bc6 20. Nf6+ Rxf6 21. exf6 Qxe2 22. f7+ Kh8 23. Qxf5 Qe3+ 24. Rd2 Qe7 25. Rhd1 Be3 26. Kc2 Bxd2 27. Rxd2 Rf8 28. Qe5+ Qxe5 29. fxe5 Rxf7 30. Rd8+ Kg7 31. e6 Re7 32. Rd4 Kf6 33. b4 b6 34. b5 Bb7 35. Rd7 Kxe6 36. Rd8 Be4+ 37. Kc3 Bf3 38. Rd3 Be4 39. Re3 Ke5 40. Rh3 Rd7 41. Kb4 Bf5 42. Rh4 Rd2 0-1


[Site "https://www.chess.com"]

[Event "Titled Tuesday Blitz February 21 Late 2023"]
[White "Curtis, John"]
[Black "Miszler, Levente"]
[WhiteFideId "3200256"]
[BlackFideId "763276"]
[WhiteElo "2292"]
[BlackElo "2271"]
[Result "0-1"]
[Round "06"]
[TimeControl "180+2"]
[Date "2023.02.21"]
[WhiteClock "0:00:04"]
[BlackClock "0:01:04"]

1. d4 Nf6 2. Nc3 d6 3. e4 g6 4. f4 Bg7 5. Nf3 O-O 6. Be3 Nbd7 7. Qd2 c5 8. dxc5 Nxc5 9. Bxc5 dxc5 10. Qxd8 Rxd8 11. Bc4 e6 12. Rd1 Bd7 13. e5 Nh5 14. g3 Bc6 15. Rxd8+ Rxd8 16. Ke2 a6 17. Bd3 f6 18. Be4 Bxe4 19. Nxe4 fxe5 20. Nxc5 exf4 21. g4 Rc8 22. Nxe6 Re8 23. gxh5 Rxe6+ 24. Kd1 Bxb2 25. hxg6 hxg6 26. Re1 Rxe1+ 27. Nxe1 Bd4 28. Ke2 Kf7 29. Kf3 Be5 30. Ke4 Bc7 31. h4 Kf6 32. Nd3 g5 33. hxg5+ Kxg5 34. Kf3 Bd6 35. Nf2 Kf5 36. Nd3 a5 37. c4 b6 38. a4 Bc7 39. c5 bxc5 40. Nxc5 Ke5 0-1


[Site "https://www.chess.com"]

[Event "Titled Tuesday Blitz February 21 Late 2023"]
[White "Gatterer, Florian"]
[Black "Magallanes, Rey Jomar"]
[WhiteFideId "811688"]
[BlackFideId "5205948"]
[WhiteElo "2170"]
[BlackElo "2052"]
[Result "1-0"]
[Round "06"]
[TimeControl "180+2"]
[Date "2023.02.21"]
[WhiteClock "0:01:06"]
[BlackClock "0:02:13"]

1. Nf3 d5 2. g3 Nf6 3. Bg2 g6 4. b3 Bg7 5. Bb2 O-O 6. O-O Nbd7 7. c4 c6 8. d4 Re8 9. Nc3 b6 10. Re1 Bb7 11. Rc1 Rc8 12. cxd5 cxd5 13. Ne5 e6 14. Nb5 Rxc1 15. Qxc1 Qc8 16. Nd6 Qxc1 17. Rxc1 Rb8 18. Nxd7 Nxd7 19. Rc7 Nc5 20. dxc5 Bxb2 21. Rxb7 Rd8 22. c6 Rxd6 23. c7 Rc6 24. Rb8+ Kg7 25. c8=Q Rxc8 26. Rxc8 d4 27. Rc7 Bc3 28. Rxa7 Kh6 29. Rb7 Kg7 30. Rxb6 Kh6 31. Rb5 Kg7 32. Kf1 Kh6 33. a4 Kg7 34. a5 Kh6 35. a6 Kg7 36. a7 Kh6 37. a8=Q Kg7 38. Rc5 Kh6 39. Rxc3 Kg7 40. Rd3 Kh6 41. Qe4 Kg7 42. Qxd4+ Kh6 43. Qf6 Kh5 44. Rd4 g5 45. Qxf7+ Kh6 46. Qxe6+ Kh5 47. Bf3+ g4 48. Bxg4+ Kg5 49. Rd5# 1-0


[Site "https://www.chess.com"]

[Event "Titled Tuesday Blitz February 21 Late 2023"]
[White "Koziol, Kamil"]
[Black "Avgoustopoulos, Christian"]
[WhiteFideId "1161555"]
[BlackFideId "2122294"]
[WhiteElo "2286"]
[BlackElo "1969"]
[Result "1/2-1/2"]
[Round "06"]
[TimeControl "180+2"]
[Date "2023.02.21"]
[WhiteClock "0:00:10"]
[BlackClock "0:00:19"]

1. e4 e6 2. d4 d5 3. Nc3 Nf6 4. Bg5 Be7 5. e5 Nfd7 6. h4 a6 7. Qg4 Kf8 8. f4 c5 9. Nf3 Nc6 10. O-O-O b5 11. Ne2 b4 12. Ng3 h6 13. Bxe7+ Qxe7 14. Nh5 Rg8 15. dxc5 Nxc5 16. Bd3 Nxd3+ 17. Rxd3 a5 18. Nd4 Nxd4 19. Rxd4 Bd7 20. Qf3 Rc8 21. g4 Qc5 22. Rd2 a4 23. f5 exf5 24. gxf5 b3 25. axb3 axb3 26. Qxd5 Qxd5 27. Rxd5 Rxc2+ 28. Kb1 Bxf5 29. Ka1 Ke7 30. Ra5 Rd8 31. Rf1 Bg6 32. Nf4 Rdd2 33. Ra7+ Ke8 34. Ra8+ Ke7 35. Ra7+ Rd7 36. Nd5+ Ke6 37. Nf4+ Ke7 38. Nd5+ Ke6 39. Nf4+ Ke7 1/2-1/2


[Site "https://www.chess.com"]

[Event "Titled Tuesday Blitz February 21 Late 2023"]
[White "Jesusesmifuerza"]
[Black "Jarocka, Liwia"]
[BlackFideId "21807558"]
[WhiteElo "2009"]
[BlackElo "2225"]
[Result "0-1"]
[Round "06"]
[TimeControl "180+2"]
[Date "2023.02.21"]
[WhiteClock "0:00:11"]
[BlackClock "0:00:48"]

1. d4 Nf6 2. Bg5 g6 3. Bxf6 exf6 4. e3 Bg7 5. g3 O-O 6. Bg2 c6 7. Ne2 f5 8. O-O d5 9. Nd2 Nd7 10. c4 dxc4 11. Nxc4 Nb6 12. Rc1 Nxc4 13. Rxc4 Be6 14. Rb4 Qe7 15. Ra4 Rfd8 16. Nf4 a6 17. Nxe6 Qxe6 18. Qb3 Qxb3 19. axb3 Bf8 20. Rc4 Rd7 21. Rfc1 Rad8 22. R4c2 h6 23. h4 f6 24. Bf3 Kf7 25. Kg2 g5 26. Rh1 g4 27. Be2 Kg6 28. Bd3 h5 29. Be2 Be7 30. Rhc1 Rd5 31. Bc4 Ra5 32. Be2 Rdd5 33. Bc4 Rd8 34. Be2 Rc8 35. Bf1 Bb4 36. Be2 Ra2 37. Bd3 Rd8 38. Be2 a5 39. Bc4 Rd6 40. Kf1 Rd8 41. Ke2 Rd7 42. Bd3 Rd6 43. Rb1 b6 44. Rbc1 c5 45. dxc5 Bxc5 46. Bc4 Bb4 47. Rd1 Rxd1 48. Kxd1 Ra1+ 49. Ke2 Rg1 50. Bb5 Re1+ 51. Kd3 Bc5 52. Be8+ Kh6 53. Kd2 Bb4+ 54. Kd3 f4 55. gxf4 Bc5 56. Ke4 g3 57. fxg3 Rxe3+ 58. Kf5 Rxe8 59. Kxf6 Rg8 60. Rc3 Bd4+ 61. Kf5 Bxc3 62. bxc3 Rxg3 63. Ke6 Rxc3 64. f5 Rxb3 65. f6 Rf3 66. f7 a4 67. Ke7 a3 68. f8=Q+ Rxf8 69. Kxf8 a2 0-1


[Site "https://www.chess.com"]

[Event "Titled Tuesday Blitz February 21 Late 2023"]
[White "Adewumi, Tanitoluwa"]
[Black "Eckert, Doug"]
[WhiteFideId "30966396"]
[BlackFideId "2001993"]
[WhiteElo "2283"]
[BlackElo "2075"]
[Result "1-0"]
[Round "06"]
[TimeControl "180+2"]
[Date "2023.02.21"]
[WhiteClock "0:01:49"]
[BlackClock "0:00:38"]

1. e4 e5 2. Nf3 Nc6 3. Nc3 Nf6 4. Bb5 Bb4 5. O-O O-O 6. d3 Bxc3 7. bxc3 d6 8. Bg5 h6 9. Bh4 g5 10. Nxg5 hxg5 11. Bxg5 Kg7 12. f4 Ne7 13. fxe5 Nh7 14. Bf6+ Kg8 15. Qh5 dxe5 16. Bc4 Qd6 17. Qh6 Nxf6 18. Rxf6 Be6 19. Bxe6 fxe6 20. Qg5+ Kh8 21. Rh6# 1-0


[Site "https://www.chess.com"]

[Event "Titled Tuesday Blitz February 21 Late 2023"]
[White "Clawitter, Craig"]
[Black "Hirneise, Jens"]
[WhiteFideId "2023105"]
[BlackFideId "24614734"]
[WhiteElo "2050"]
[BlackElo "2277"]
[Result "1/2-1/2"]
[Round "06"]
[TimeControl "180+2"]
[Date "2023.02.21"]
[WhiteClock "0:00:11"]
[BlackClock "0:01:26"]

1. e4 Nf6 2. e5 Nd5 3. c4 Nb6 4. d4 d6 5. exd6 cxd6 6. Nc3 g6 7. Be3 Bg7 8. Rc1 O-O 9. b3 Bf5 10. Nf3 Nc6 11. d5 Ne5 12. Nxe5 Bxe5 13. Bd4 Bxd4 14. Qxd4 e5 15. dxe6 Re8 16. Be2 Rxe6 17. O-O Qg5 18. Bf3 Rb8 19. Rce1 h5 20. Rxe6 Bxe6 21. Qxd6 Rd8 22. Qg3 Qxg3 23. hxg3 Rd2 24. Rd1 Rc2 25. Rd3 Bf5 26. Re3 Rc1+ 27. Kh2 Rc2 28. Ne2 Rxa2 29. Bxb7 a5 30. f3 Nd7 31. Nd4 Nc5 32. Nxf5 Nxb7 33. Ne7+ Kf8 34. Nd5 Nc5 35. Kh3 Rb2 36. g4 hxg4+ 37. Kxg4 Rxg2+ 38. Kf4 Rb2 39. Ke5 Rxb3 40. Rxb3 Nxb3 41. Nc3 Ke7 42. Kd5 Kd7 43. c5 Kc7 44. c6 a4 45. Nxa4 Na5 46. Nc5 Nxc6 47. Ne4 Nd8 48. Ke5 Kd7 49. Kf6 Ke8 50. Ng5 Kf8 51. f4 Ke8 52. f5 gxf5 53. Nxf7 f4 54. Ne5 Nc6 55. Kf5 Nxe5 56. Kxf4 1/2-1/2


[Site "https://www.chess.com"]

[Event "Titled Tuesday Blitz February 21 Late 2023"]
[White "Chabris, Christopher"]
[Black "ArturoCaceres"]
[WhiteFideId "2005263"]
[WhiteElo "2053"]
[BlackElo "2405"]
[Result "0-1"]
[Round "06"]
[TimeControl "180+2"]
[Date "2023.02.21"]
[WhiteClock "0:00:01"]
[BlackClock "0:00:08"]

1. e4 a6 2. d4 b5 3. Bd3 Bb7 4. Qe2 c5 5. c3 d5 6. e5 Nc6 7. e6 fxe6 8. Qh5+ Kd7 9. dxc5 Nf6 10. Qe2 e5 11. b4 e6 12. Nh3 e4 13. Bc2 h6 14. O-O g5 15. f3 exf3 16. Qxf3 Be7 17. Qe2 Rf8 18. a4 bxa4 19. Bxa4 Qc7 20. Be3 Ne4 21. c4 Qe5 22. Nd2 Nc3 23. Qd3 Rxf1+ 24. Nxf1 Nxa4 25. Rxa4 Rf8 26. b5 d4 27. bxc6+ Bxc6 28. Bxd4 Qf5 29. Qxf5 exf5 30. Rxa6 f4 31. Nf2 Rb8 32. Nd2 Rb4 33. Rb6 Ra4 34. Rb1 Ra2 35. Nde4 Re2 36. Nf6+ Bxf6 37. Bxf6 Ke6 38. Bg7 Rc2 39. Bxh6 Kf5 40. Bf8 Rxc4 41. Bd6 g4 42. Re1 Rc2 43. Re5+ Kf6 44. Ne4+ Kf7 0-1


[Site "https://www.chess.com"]

[Event "Titled Tuesday Blitz February 21 Late 2023"]
[White "Huang, Alex"]
[Black "Matko, Ognjen"]
[WhiteFideId "4302508"]
[BlackFideId "14509717"]
[WhiteElo "2009"]
[BlackElo "2295"]
[Result "1-0"]
[Round "06"]
[TimeControl "180+2"]
[Date "2023.02.21"]
[WhiteClock "0:00:23"]
[BlackClock "0:00:02"]

1. d4 Nf6 2. Bf4 d5 3. e3 c5 4. c3 e6 5. Nd2 Bd6 6. Bg3 Qc7 7. Ngf3 Nbd7 8. Bb5 O-O 9. O-O b6 10. Re1 Bb7 11. Qe2 Bxg3 12. hxg3 e5 13. Bxd7 Nxd7 14. dxe5 Nxe5 15. Nxe5 Qxe5 16. Nf3 Qh5 17. Nh4 Qg5 18. Qb5 Rad8 19. Rad1 Rfe8 20. Nf3 Qh5 21. Qd3 Re6 22. Nh4 Rf6 23. e4 Re6 24. e5 Rde8 25. f4 Rh6 26. Nf3 Qg4 27. Kf2 Rhe6 28. Rh1 h6 29. Rh4 Qg6 30. f5 Qh7 31. fxe6 fxe6 32. Qxh7+ Kxh7 33. g4 Rf8 34. g5 Kg6 35. gxh6 gxh6 36. Rdh1 Rh8 37. Rg4+ Kf7 38. Rh5 Ba6 39. Ke3 Bf1 40. Nd2 Bb5 41. Rh3 Be8 42. Rf3+ Ke7 43. Rg7+ Kd8 44. Rxa7 Rg8 45. g3 h5 46. Rf6 Rxg3+ 47. Kf2 Rg1 48. Kxg1 1-0


[Site "https://www.chess.com"]

[Event "Titled Tuesday Blitz February 21 Late 2023"]
[White "Kujawski, Adam"]
[Black "Lopez Perdomo, Juan David"]
[WhiteFideId "1100920"]
[BlackFideId "4405137"]
[WhiteElo "2173"]
[BlackElo "2029"]
[Result "1-0"]
[Round "06"]
[TimeControl "180+2"]
[Date "2023.02.21"]
[WhiteClock "0:00:10"]
[BlackClock "0:00:11"]

1. e4 e6 2. d4 d5 3. Nc3 Bb4 4. e5 c5 5. a3 Ba5 6. b4 cxd4 7. Nb5 Bc7 8. f4 Nh6 9. Nf3 a6 10. Nxc7+ Qxc7 11. Bd3 Ng4 12. O-O Ne3 13. Bxe3 dxe3 14. Qe2 Qb6 15. c3 Bd7 16. Nd4 Nc6 17. Qxe3 Nxd4 18. Qxd4 Qxd4+ 19. cxd4 Bb5 20. Bxb5+ axb5 21. Rfc1 Kd7 22. Rc5 b6 23. Rxb5 Kc6 24. a4 Rxa4 25. Rxb6+ Kxb6 26. Rxa4 Kb5 27. Ra7 Rf8 28. Rc7 Kxb4 29. Kf2 Kb5 30. Ke3 Kb6 31. Re7 Kc6 32. g4 g6 33. f5 exf5 34. gxf5 Kb5 35. f6 Kc6 36. h4 h6 37. Ra7 Kb6 38. Rd7 Kc6 39. Rd6+ Kc7 40. Rxd5 Ra8 41. Rc5+ Kd7 42. Ke4 Ra1 43. Rb5 Rh1 44. Rb7+ Ke8 45. d5 Rxh4+ 46. Kd3 Ra4 47. e6 Ra8 48. Rxf7 Ra3+ 49. Kd4 Ra4+ 50. Ke5 g5 51. Rh7 Kd8 52. Rh8+ Kc7 53. f7 Ra1 54. f8=Q Re1+ 55. Kd4 Rxe6 56. dxe6 Kc6 57. e7 1-0


[Site "https://www.chess.com"]

[Event "Titled Tuesday Blitz February 21 Late 2023"]
[White "Kalajzic, Ivan"]
[Black "Simonovic, Miroslav"]
[WhiteFideId "14506378"]
[BlackFideId "919152"]
[WhiteElo "2062"]
[BlackElo "2082"]
[Result "1-0"]
[Round "06"]
[TimeControl "180+2"]
[Date "2023.02.21"]
[WhiteClock "0:00:35"]
[BlackClock "0:00:03"]

1. d4 Nf6 2. Nc3 c5 3. d5 d6 4. e4 e5 5. Be2 g6 6. Nf3 Bg7 7. O-O O-O 8. Nd2 g5 9. Nc4 h6 10. a4 b6 11. Be3 Bb7 12. f3 Nh5 13. a5 Nf4 14. axb6 axb6 15. Rxa8 Bxa8 16. Nb5 Nxe2+ 17. Qxe2 Bb7 18. Ncxd6 Ba6 19. c4 Nd7 20. Ra1 Bxb5 21. Nxb5 f5 22. exf5 Rxf5 23. Nd6 Rf6 24. Ne4 Rf8 25. b3 Nf6 26. Qd3 g4 27. Rf1 gxf3 28. Rxf3 Ng4 29. Rxf8+ Bxf8 30. h3 Nf6 31. Bf2 Nxe4 32. Qxe4 Qf6 33. Bh4 Qg7 34. Kf2 Bd6 35. Kf3 Qf7+ 36. Ke2 Qh5+ 37. Qg4+ Qxg4+ 38. hxg4 Kg7 39. Kf3 Bc7 40. Ke4 Kg6 41. Be7 Kf7 42. d6 Bb8 43. Kxe5 Ke8 44. Ke6 Bxd6 45. Bxd6 Kd8 46. Bf8 1-0


[Site "https://www.chess.com"]

[Event "Titled Tuesday Blitz February 21 Late 2023"]
[White "Hoffmann, Asa"]
[Black "Kohler, Aran"]
[WhiteFideId "2001470"]
[BlackFideId "1002856"]
[WhiteElo "2185"]
[BlackElo "2010"]
[Result "1-0"]
[Round "06"]
[TimeControl "180+2"]
[Date "2023.02.21"]
[WhiteClock "0:00:28"]
[BlackClock "0:00:02"]

1. d4 Nf6 2. Bg5 c5 3. d5 Qb6 4. Nc3 Qxb2 5. Bd2 Qb6 6. e4 e5 7. Rb1 Qd8 8. f4 d6 9. Nf3 Nbd7 10. Bb5 a6 11. fxe5 axb5 12. exf6 b4 13. fxg7 Bxg7 14. Ne2 Rxa2 15. O-O O-O 16. Ng3 Ne5 17. Nxe5 Bxe5 18. Bf4 Bd4+ 19. Kh1 Kh8 20. Qh5 Bg7 21. e5 dxe5 22. Bxe5 f6 23. Bf4 Rxc2 24. Rbd1 Bd7 25. Nf5 Bxf5 26. Qxf5 b3 27. d6 c4 28. d7 Re2 29. Qc5 Re4 30. Bc7 Qa8 31. d8=Q Ree8 32. Qdd4 Rc8 33. Qdxc4 b2 34. h3 f5 35. Be5 Rxc5 36. Bxg7+ Kxg7 37. Qxc5 Rf7 38. Qd4+ Kg8 39. Qxb2 Qe8 40. Qf2 1-0


[Site "https://www.chess.com"]

[Event "Titled Tuesday Blitz February 21 Late 2023"]
[White "Davidson, Kevin"]
[Black "Sabar, Ethmane Daouda"]
[WhiteFideId "2056810"]
[BlackFideId "19600097"]
[WhiteElo "2154"]
[BlackElo "2040"]
[Result "1-0"]
[Round "06"]
[TimeControl "180+2"]
[Date "2023.02.21"]
[WhiteClock "0:00:04"]
[BlackClock "0:00:12"]

1. e4 e5 2. Nf3 Nc6 3. Bb5 f5 4. Nc3 fxe4 5. Nxe4 d5 6. Nxe5 dxe4 7. Nxc6 Qg5 8. Qe2 Nf6 9. f4 Qxf4 10. d4 Qd6 11. Nxa7+ c6 12. Nxc8 Qb4+ 13. Bd2 Qxb5 14. c4 Qxb2 15. O-O Rxc8 16. Rab1 Qxd4+ 17. Be3 Qe5 18. Rxb7 Bc5 19. Rxg7 Rf8 20. Kh1 Bxe3 21. Qxe3 Rc7 22. Rg5 Qe6 23. Qg3 Rcf7 24. Re5 Kd7 25. Rxe6 Kxe6 26. Qh3+ Ke7 27. Qa3+ Kd7 28. Qa7+ Ke6 29. Qc5 Nd7 30. Qxc6+ Ke7 31. Qxe4+ Kd8 32. Rxf7 Rxf7 33. h3 Re7 34. Qd4 Kc7 35. c5 Re6 36. a4 Rc6 37. Qf4+ Kb7 38. Qb4+ Kc7 39. Qf4+ Kb7 40. Qe4 Kc7 41. Qxh7 Rxc5 42. Qe4 Rc1+ 43. Kh2 Rc5 44. Qf4+ Kc6 45. h4 Ne5 46. Qe4+ Kd6 47. h5 Rc4 48. Qh7 Rh4+ 49. Kg3 Rg4+ 50. Kf2 Rf4+ 51. Ke2 Rxa4 52. h6 Rh4 53. Qg7 Re4+ 54. Kd2 Rd4+ 55. Kc3 Rc4+ 56. Kb3 Rd4 57. h7 Rd3+ 58. Kc2 Rd5 59. h8=Q Nc6 60. Kb2 Kc5 61. Qc3+ Kb5 62. Qhg7 Nb4 63. Qb3 Rd2+ 64. Kc1 Rc2+ 65. Qxc2 Nxc2 66. Kxc2 Kc4 67. g4 Kd5 68. Qf6 Ke4 69. g5 Ke3 70. g6 Ke2 71. g7 Ke1 72. Qe5+ Kf2 73. Qf4+ Ke1 74. Qg3+ Ke2 75. Kc3 Kf1 76. Qh2 Ke1 77. Kd3 Kf1 78. Ke3 1-0


[Site "https://www.chess.com"]

[Event "Titled Tuesday Blitz February 21 Late 2023"]
[White "Michalski, Olaf"]
[Black "Carrasco Miranda, Andres"]
[WhiteFideId "1106740"]
[BlackFideId "3405990"]
[WhiteElo "2273"]
[BlackElo "2240"]
[Result "0-1"]
[Round "06"]
[TimeControl "180+2"]
[Date "2023.02.21"]
[WhiteClock "0:00:01"]
[BlackClock "0:01:28"]

1. d4 Nf6 2. c4 g6 3. Nc3 d5 4. cxd5 Nxd5 5. e4 Nxc3 6. bxc3 Bg7 7. Be3 c5 8. Qd2 Qa5 9. Rc1 O-O 10. Nf3 Bg4 11. d5 b5 12. Bxc5 Qc7 13. Bd4 e5 14. dxe6 Bxf3 15. gxf3 fxe6 16. Be2 Nc6 17. Bxg7 Kxg7 18. O-O Rad8 19. Qe3 Ne5 20. f4 Nc4 21. Bxc4 bxc4 22. Rfd1 Rxf4 23. Rxd8 Rg4+ 24. Kh1 Qxd8 25. Qf3 Qh4 26. Rd1 Rxe4 27. Rd7+ Kh6 0-1


[Site "https://www.chess.com"]